 Dungeon Crawl Stone Soup version 0.32-a0-599-gba8f9cf90e (webtiles) character file.

Game seed: 10439745931547347809

11669 cforsyth the Scholar of Death (level 11, 0/92 HPs)
             Began as a Mountain Dwarf Necromancer on Mar 3, 2024.
             Was a Follower of Kikubaaqudgha.
             Killed from afar by an oklob plant (29 damage)
             ... with a splash of acid
             ... on level 1 of the Lair of Beasts.
             The game lasted 00:38:32 (13156 turns).

cforsyth the Scholar of Death (MDNe)               Turns: 13156, Time: 00:38:33

Health: 0/92       AC: 14    Str: 19    XL:     11   Next: 52%
Magic:  13/13      EV:  9    Int: 18    God:    Kikubaaqudgha [*.....]
Gold:   908        SH:  0    Dex: 16    Spells: 3/13 levels left

rFire   . . .        n - +2 morningstar (protect)
rCold   . . .        (no shield)
rNeg    . . .        v - +0 chain mail
rPois   .            l - +0 helmet
rElec   .            g - +2 cloak
rCorr   .            (no gloves)
SInv    .            y - +2 pair of boots
Will    +....        c - amulet of regeneration Stlth
                     D - +6 ring of dexterity
HPRegen 1.15/turn    S - +6 ring of strength
MPRegen 0.13/turn

%: no passive effects
@: corroded, under a protective aura
A: runic magic, artefact enchanting
a: Renounce Religion, Unearth Wretches


You were on level 1 of the Lair of Beasts.
You worshipped Kikubaaqudgha.
Kikubaaqudgha was aware of your devotion.
You visited 3 branches of the dungeon, and saw 13 of its levels.
You also visited: Bailey.

You collected 908 gold pieces.


Innate Abilities, Weirdness & Mutations

Your spellcasting is much less encumbered by armour.
You can use scrolls of enchantment on lesser artefacts.


   Skills:
 - Level 7.5 Fighting
 + Level 10.9 Maces & Flails
 + Level 9.6 Armour
 - Level 1.3 Dodging
 - Level 1.4 Stealth
 - Level 1.7 Spellcasting
 + Level 10.9 Necromancy
 + Level 7.8 Earth Magic


You had 3 spell levels left.
You knew the following spells:

 Your Spells              Type           Power      Damage    Failure   Level
a - Animate Dead          Necr           40%        N/A       3%          4
b - Borgnjor's Vile Clut  Necr/Erth      17%        N/A       17%         5
X - Necrotise             Necr           100%       1d9       1%          1

Your spell library contained the following spells:

 Spells                   Type           Power      Damage    Failure   Level
 Sublimation of Blood     Necr           40%        N/A       1%          2
 Fugue of the Fallen      Necr           40%        N/A       1%          3
 Vampiric Draining        Necr           40%        2d8       1%          3
 Kiss of Death            Conj/Necr      84%        2d11      3%          1
 Passwall                 Erth           29%        N/A       3%          3
 Cigotuvi's Dreadful Rot  Necr/Alch/Air  28%        N/A       10%         2
 Sting                    Conj/Alch      4%         1d3       28%         1
 Call Imp                 Summ           2%         N/A       41%         2
 Ensorcelled Hibernation  Hex/Ice        2%         N/A       41%         2
 Mercury Vapours          Alch/Air       2%         N/A       41%         2
 Inner Flame              Hex/Fire       1%         N/A       65%         3
 Mephitic Cloud           Conj/Alch/Air  1%         N/A       65%         3
 Swiftness                Air            1%         N/A       65%         3
 Curse of Agony           Necr           40%        N/A       9%          5
 Anguish                  Hex/Necr       10%        N/A       30%         4
 Death Channel            Necr           20%        N/A       45%         6
 Olgreb's Toxic Radiance  Alch           1%         N/A       96%         4
 Freezing Cloud           Conj/Ice/Air   0%         6-21      100%        5
 Irradiate                Conj/Alch      0%         3d11      100%        5
 Summon Hydra             Summ           0%         N/A       100%        7
 Ignition                 Fire           0%         3d3       100%        8

Inventory:

Hand Weapons
 n - a +2 morningstar of protection (weapon)
Missiles
 e - 3 curare-tipped darts {=f}
 p - 2 throwing nets {=f}
Armour
 g - a +2 cloak (worn)
 l - a +0 helmet (worn)
 q - a scarf of shadows
 v - a +0 chain mail (worn)
 y - a +2 pair of boots (worn)
Jewellery
 c - an amulet of regeneration (around neck)
 d - an amulet of magic regeneration
 r - an amulet of reflection
 A - an amulet of guardian spirit
 C - a ring of protection from cold
 D - a +6 ring of dexterity (left hand)
 S - a +6 ring of strength (right hand)
Wands
 o - a wand of polymorph (12)
 t - a wand of flame (4)
 z - a wand of roots (1)
 F - a wand of paralysis (22)
Scrolls
 h - a scroll of poison
 s - 2 scrolls of fear
 u - 3 scrolls of vulnerability
 w - 2 scrolls of teleportation {@r2}
 x - a scroll of immolation
Potions
 a - a potion of attraction
 b - a potion of magic
 f - 3 potions of curing {@q1}
 i - a potion of resistance
 j - 3 potions of heal wounds {@q2}
 k - a potion of lignification
 m - 3 potions of brilliance
 B - a potion of enlightenment {unknown}
 E - a potion of cancellation {unknown}
 G - 2 potions of mutation {unknown}

Dungeon Overview and Level Annotations

Branches:
Dungeon (11/15)            Temple (1/1) D:6            Lair (1/5) D:9
    Orc (0/2) D:10         Bailey (visited)

Altars:
Ashenzari
Cheibriados
Dithmenos
Elyvilon
Fedhas
Gozag
Hepliaklqana
Kikubaaqudgha
Makhleb
Nemelex Xobeh
Okawaru
Qazlal
Ru
Sif Muna
Trog
Uskayaw
Vehumet
Wu Jian
Xom
Yredelemnul
Zin
The Shining One

Annotations:
D:8 Erica
Lair:1 exclusion: oklob plant

#####+######
#.........P#
########......Z..+
Z.....†'.ZZ...ZZ.#
#######......ZZP@#
###.######## ###


You could see an oklob plant (ally target), a friendly wolf zombie, a friendly
five-headed hydra zombie, a friendly bullfrog zombie, a friendly cane toad
zombie, a friendly blink frog zombie, a friendly polar bear zombie and a
friendly wyvern zombie.


Message History

The oklob plant spits acid at you. The splash of acid hits you!
Your wolf zombie bites the oklob plant.
Your wolf zombie bites the oklob plant.
The oklob plant spits acid at you. The splash of acid hits you!
* * * LOW HITPOINT WARNING * * *
The acid corrodes you!
Your wolf zombie bites the oklob plant.
Your wyvern zombie bites the oklob plant but does no damage.
The oklob plant spits acid at you. The splash of acid hits you!!
* * * LOW HITPOINT WARNING * * *
The acid corrodes you!
Your wolf zombie bites the oklob plant but does no damage.
You hit the oklob plant.
Your weapon exudes an aura of protection.
The oklob plant is moderately damaged.
Your wolf zombie bites the oklob plant.
Your wyvern zombie bites the oklob plant but does no damage.
Unknown command.
Unknown command.
You hit the oklob plant.
The oklob plant is moderately damaged.
Your wolf zombie bites the oklob plant but does no damage.
Your wyvern zombie bites the oklob plant.
Your wolf zombie bites the oklob plant but does no damage.
The oklob plant spits acid at you. The splash of acid hits you!!
You die...
Kikubaaqudgha rasps: You have failed me!
Welcome... death!

Skill      XL: |  1  2  3  4  5  6  7  8  9 10 11 |
---------------+----------------------------------+-----
Fighting       | 1 2 4 5 6 7 |  7.5
Necromancy     | 5 6 7 8 10 | 10.9
Maces & Flails | 2 4 6 8 9 10 | 10.9
Armour         | 3 5 7 8 9 |  9.6
Earth Magic    | 1 4 6 7 |  7.8
Dodging        | |  1.3
Stealth        | |  1.4
Spellcasting   | |  1.7

Action                     |  1- 3 |  4- 6 |  7- 9 | 10-12 || total
---------------------------+-------+-------+-------+-------++-------
  Melee: Unarmed           |    46 |     1 |       |       ||    47
         Falchion          |       |     5 |       |       ||     5
         Morningstar       |       |     5 |   277 |   447 ||   729
   Cast: Necrotise         |    74 |    73 |    73 |       ||   220
         Animate Dead      |       |       |    12 |    13 ||    25
 Invoke: Unearth Wretches  |       |       |       |     6 ||     6
  Evoke: Wand              |       |       |     1 |    11 ||    12
    Use: Scroll            |       |       |    18 |     3 ||    21
         Potion            |       |       |     1 |     4 ||     5
   Stab: Sleeping          |       |       |     1 |       ||     1
         Distracted        |       |       |     3 |     1 ||     4
         Paralysed         |       |       |       |     8 ||     8
 Armour: Robe              |    32 |       |       |       ||    32
         Leather armour    |     4 |    28 |    30 |       ||    62
         Skin              |       |     1 |       |    45 ||    46
         Chain mail        |       |       |   364 |   729 ||  1093
  Dodge: Dodged            |    31 |    26 |   158 |   264 ||   479

Levels and vault maps discovered:
D:1:      dpeg_arrival_shelter, layout_rooms, minmay_misc_feat_chi,
          serial_bayou_ford_a
D:2:      layout_loops_ring, basic_altar, uniq_sigmund
D:3:      layout_rooms, uniq_natasha, uniq_robin
D:4:      layout_loops_ring, gammafunk_temple_overflow_pools, minivault_14,
          uniq_menkaure, uniq_grinder
D:5:      layout_cave_pools, corexii_hall_statues_deadend
D:6:      layout_basic, nicolae_gozag_cash_rules_everything_around_me,
          worldfamousw_hep_ancestral_shrine, temple_hall
D:7:      layout_loops_ring, nicolae_sif_muna_condensation,
          nicolae_wu_jian_wuxing_cycle, billiards_dpeg, uniq_jeremiah
D:8:      layout_gridville, gammafunk_temple_overflow_statue,
          grunt_qazlal_sundering, uniq_erica
D:9:      layout_basic, fedhas_altar_3, mainiacjoe_overflow_brackets,
          erik_lair_orcish_takeover
D:10:     layout_long_grid, david_orc_1_choice, enter_bailey_7
D:11:     layout_long_grid, enter_trove_6, st_stairs_5, uniq_psyche, uniq_sonja
Temple:   grunt_temple_mini_profane
Lair:1:   layout_roguey, portal_ice_cave_rime

Notes
Turn   | Place    | Note
-------+----------+-------------------------------------------
     0 | D:1      | cforsyth the Mountain Dwarf Necromancer began the quest for
                  | the Orb.
     0 | D:1      | Reached XP level 1. HP: 14/14 MP: 3/3
   243 | D:1      | Reached skill level 1 in Fighting
   325 | D:1      | Reached XP level 2. HP: 23/23 MP: 2/4
   893 | D:2      | Found a stormy altar of Qazlal.
   953 | D:2      | Reached skill level 2 in Fighting
   953 | D:2      | Reached skill level 5 in Necromancy
   953 | D:2      | Reached XP level 3. HP: 29/29 MP: 1/5
  1232 | D:2      | Noticed Sigmund
  2175 | D:2      | Killed Sigmund
  2176 | D:2      | Reached skill level 4 in Fighting
  2176 | D:2      | Reached skill level 6 in Necromancy
  2176 | D:2      | Reached XP level 4. HP: 27/40 MP: 0/6
  2176 | D:2      | Reached XP level 5. HP: 31/46 MP: 0/7
  2558 | D:3      | Noticed Robin
  2683 | D:3      | Killed Robin
  2781 | D:3      | Reached XP level 6. HP: 50/53 MP: 3/8
  2972 | D:3      | Noticed Natasha
  2978 | D:3      | Killed Natasha
  3226 | D:3      | Noticed Natasha
  3348 | D:3      | Killed Natasha
  3696 | D:3      | Noticed Natasha
  3704 | D:3      | Killed Natasha
  3705 | D:3      | Reached skill level 5 in Fighting
  3705 | D:3      | Reached skill level 1 in Maces & Flails
  3843 | D:4      | Noticed Menkaure
  3851 | D:4      | Killed Menkaure
  3852 | D:4      | Reached skill level 2 in Maces & Flails
  3852 | D:4      | Reached skill level 7 in Necromancy
  3852 | D:4      | Reached XP level 7. HP: 30/61 MP: 9/9
  3917 | D:4      | Learned a level 4 spell: Animate Dead
  4004 | D:4      | Reached skill level 1 in Armour
  4292 | D:4      | Found a bloodstained altar of Trog.
  4293 | D:4      | Found a broken altar of Ashenzari.
  4428 | D:4      | Noticed Grinder
  4456 | D:4      | Killed Grinder
  4457 | D:4      | Reached skill level 6 in Fighting
  4457 | D:4      | Reached skill level 3 in Maces & Flails
  4457 | D:4      | Reached skill level 2 in Armour
  4774 | D:5      | Entered Level 5 of the Dungeon
  4925 | D:5      | Reached skill level 4 in Maces & Flails
  4925 | D:5      | Reached skill level 3 in Armour
  4940 | D:5      | Reached XP level 8. HP: 63/71 MP: 6/10
  5428 | D:6      | Found an opulent altar of Gozag.
  5608 | D:6      | Reached skill level 5 in Maces & Flails
  5616 | D:6      | Reached skill level 4 in Armour
  5654 | D:6      | Reached skill level 7 in Fighting
  5902 | D:6      | Identified the +0 scale mail "Ybysep" {*Slow Fly SInv}
  6081 | D:6      | Found a staircase to the Ecumenical Temple.
  6352 | D:6      | Found a hazy altar of Hepliaklqana.
  6568 | Temple   | Entered the Ecumenical Temple
  6595 | Temple   | Became a worshipper of Kikubaaqudgha
  6740 | D:7      | Found a shimmering blue altar of Sif Muna.
  6764 | D:7      | Reached skill level 6 in Maces & Flails
  6764 | D:7      | Reached skill level 5 in Armour
  6821 | D:7      | Reached skill level 1 in Earth Magic
  6821 | D:7      | Found an ornate altar of the Wu Jian Council.
  6911 | D:7      | Noticed Jeremiah
  6990 | D:7      | Killed Jeremiah
  6991 | D:7      | Reached XP level 9. HP: 54/76 MP: 11/11
  7127 | D:7      | Reached skill level 2 in Earth Magic
  7731 | D:8      | Reached skill level 3 in Earth Magic
  7745 | D:8      | Reached skill level 7 in Maces & Flails
  7745 | D:8      | Reached skill level 6 in Armour
  7754 | D:8      | Reached skill level 8 in Necromancy
  7980 | D:8      | Reached skill level 4 in Earth Magic
  8009 | D:8      | Found a stormy altar of Qazlal.
  8103 | D:8      | Noticed Erica
  8248 | D:8      | Found a basalt altar of Yredelemnul.
  8249 | D:8      | Found a burning altar of Makhleb.
  8434 | D:7      | Reached skill level 8 in Maces & Flails
  8834 | D:9      | Identified a potion of resistance
  8909 | D:9      | Reached * piety under Kikubaaqudgha
  8909 | D:9      | Received a gift from Kikubaaqudgha
  8910 | D:9      | Reached skill level 7 in Armour
  8921 | D:9      | Found a staircase to the Lair.
  8921 | D:9      | Noticed a gargoyle
  9275 | D:9      | Reached XP level 10. HP: 86/86 MP: 2/12
  9489 | D:9      | Reached skill level 5 in Earth Magic
  9550 | D:9      | Found a shadowy altar of Dithmenos.
  9618 | D:9      | Found a blossoming altar of Fedhas.
  9734 | D:9      | Reached skill level 9 in Necromancy
 10138 | D:10     | Entered Level 10 of the Dungeon
 10254 | D:10     | Noticed a two-headed ogre
 10265 | D:10     | Killed a two-headed ogre
 10266 | D:10     | Reached skill level 9 in Maces & Flails
 10266 | D:10     | Reached skill level 8 in Armour
 10266 | D:10     | Reached skill level 6 in Earth Magic
 10362 | D:10     | Found a flagged portal.
 10443 | Bailey   | Entered a bailey
 10774 | Bailey   | Reached ** piety under Kikubaaqudgha
 10971 | Bailey   | Reached skill level 10 in Necromancy
 11462 | D:10     | Reached XP level 11. HP: 65/92 MP: 13/13
 11614 | D:10     | Reached skill level 7 in Earth Magic
 11635 | D:10     | Reached skill level 10 in Maces & Flails
 11798 | D:10     | Found a staircase to the Orcish Mines.
 11829 | D:10     | Reached skill level 9 in Armour
 12150 | D:10     | Learned a level 5 spell: Borgnjor's Vile Clutch
 12153 | D:11     | Noticed Sonja
 12153 | D:11     | Noticed a boulder beetle
 12178 | D:10     | Noticed a two-headed ogre
 12767 | D:11     | Paralysed by a hornet for 1 turns
 12779 | D:11     | Killed Sonja
 12842 | D:11     | Noticed a green ugly thing
 12852 | D:11     | Killed a green ugly thing
 12944 | Lair:1   | Entered Level 1 of the Lair of Beasts
 12985 | Lair:1   | Noticed a five-headed hydra
 13146 | Lair:1   | Noticed an oklob plant
 13156 | Lair:1   | Killed from afar by an oklob plant

Vanquished Creatures
  A hydra (Lair:1)
  A two-headed ogre (D:10)
  A boulder beetle (D:11)
  A manticore (D:11)
  A cyclops (D:11)
  A black mamba (Lair:1)
  Jeremiah (D:7)
  2 unseen horrors
  A polar bear (Lair:1)
  Grinder (D:4)
  Sigmund (D:2)
  5 yaks (D:9)
  A wraith (D:10)
  2 wyverns
  3 steam dragons (D:8)
  2 vampire mosquitoes (D:11)
  2 wargs (D:10)
  Menkaure (D:4)
  An acid dragon (D:11)
  A water moccasin (Lair:1)
  4 orc warriors
  A sky beast (D:7)
  An ogre (D:7)
  6 wolves
  An ice beast (D:8)
  4 centaurs
  A phantom (D:5)
  2 kobold brigands
  6 bullfrogs
  3 scorpions
  7 gnoll sergeants (Bailey)
  5 wights
  12 killer bees
  A jelly (D:8)
  4 howler monkeys
  5 hounds
  7 gnoll boudas (Bailey)
  3 orc priests
  3 sleepcaps
  3 iguanas
  9 orc wizards
  Natasha (thrice) (D:3)
  Robin (D:3)
  20 gnolls
  2 adders (D:2)
  A white imp (D:5)
  3 ufetubi
  A ribbon worm (D:3)
  26 orcs
  2 endoplasms
  2 giant cockroaches
  13 goblins
  8 hobgoblins
  4 quokkas
  6 ball pythons
  4 bats
  5 frilled lizards
  9 kobolds
  2 rats (D:1)
230 creatures vanquished.

Vanquished Creatures (collateral kills)
  Sonja (D:11)
  An ugly thing (D:11)
  A komodo dragon (D:10)
  A hornet (D:11)
  A yak (D:9)
  A vampire mosquito (D:11)
  2 orc warriors
  A wolf (Bailey)
  A gnoll sergeant (Bailey)
  A wight (D:8)
  A killer bee (D:9)
  A howler monkey (D:10)
  2 orc priests
  A hound (D:4)
  A jelly (D:7)
  An orc wizard (D:7)
  2 orcs
  A ball python (D:2)
  A frilled lizard (D:1)
  2 kobolds
24 creatures vanquished.

Vanquished Creatures (others)
  A cane toad (Lair:1)
  An unseen horror (D:11)
  A kobold demonologist (D:11)
  A polar bear (Lair:1)
  A blink frog (Lair:1)
  A boulder beetle zombie (D:11)
  A wolf (Lair:1)
  A warg zombie (D:10)
  A cyclops zombie (D:11)
  2 killer bees (D:8)
  A wolf zombie (Bailey)
  2 bullfrog zombies
  8 killer bee zombies
  2 steam dragon zombies (D:8)
  An iguana zombie (D:4)
  A jelly zombie (D:8)
  A bat zombie (D:11)
  A giant cockroach (D:11)
  10 gnoll zombies
  A giant cockroach zombie (D:11)
  2 kobold zombies (D:11)
  13 orc zombies
54 creatures vanquished.

Grand Total: 308 creatures vanquished

Table legend: (Time is in decaauts)
 A = Elapsed time spent in this place.
 B = Non-inter-level travel time spent in this place.
 C = Inter-level travel time spent in this place.
 D = Time resting spent in this place.
 E = Time spent auto-exploring this place.
 F = Levels seen in this place.
 G = Mean time per level.
                   A        B        C        D        E       F      G
               +--------+--------+--------+--------+--------+-----+--------+
         Total |  13317 |  12722 |    595 |   2162 |   6520 |  14 |  951.2 |
       Dungeon |  12168 |  11622 |    546 |   1929 |   6362 |  11 | 1106.2 |
        Temple |     50 |      1 |     49 |      0 |      0 |   1 |   50.0 |
          Lair |    211 |    211 |      0 |     56 |      0 |   1 |  211.0 |
        Bailey |    886 |    886 |      0 |    177 |    158 |   1 |  886.0 |
               +--------+--------+--------+--------+--------+-----+--------+

Top non-repeatable levels by time:
     D:1: 1350 daAuts
     D:6: 1300 daAuts
     D:8: 1266 daAuts
     D:7: 1254 daAuts
     D:2: 1248 daAuts
     D:4: 1239 daAuts
    D:10: 1177 daAuts
     D:3: 980 daAuts
     D:9: 975 daAuts
  Bailey: 886 daAuts
    D:11: 701 daAuts
     D:5: 675 daAuts
  Lair:1: 211 daAuts
  Temple: 50 daAuts

Table legend:
 A = Non-vault XP
 B = Vault XP
 C = Vault XP percentage of total XP
 D = Non-vault monster count
 E = Vault monster count
 F = Vault count percentage of total count
                 A         B        C        D         E       F
            +---------+---------+-------+---------+---------+-------
      Total |   11099 |    5571 |  33.4 |     167 |      80 |  32.4
            +---------+---------+-------+---------+---------+-------
        D:1 |      19 |       0 |   0.0 |      14 |       0 |   0.0
        D:2 |      51 |     233 |  82.0 |      18 |       2 |  10.0
        D:3 |     167 |      67 |  28.6 |      13 |      11 |  45.8
        D:4 |     235 |     439 |  65.1 |      17 |       2 |  10.5
        D:5 |     606 |       0 |   0.0 |      13 |       0 |   0.0
        D:6 |     575 |       0 |   0.0 |      20 |       0 |   0.0
        D:7 |     647 |     484 |  42.8 |       9 |       5 |  35.7
        D:8 |    1839 |       0 |   0.0 |      19 |       0 |   0.0
        D:9 |    1703 |     489 |  22.3 |      14 |       8 |  36.4
       D:10 |    2246 |     986 |  30.5 |      20 |      13 |  39.4
       D:11 |    2471 |    1034 |  29.5 |       8 |       3 |  27.3
     Lair:1 |     540 |       0 |   0.0 |       2 |       0 |   0.0
     Bailey |       0 |    1839 | 100.0 |       0 |      36 | 100.0
            +---------+---------+-------+---------+---------+-------
